 Dungeon Crawl Stone Soup version 0.25.0-9-g26727b657a (webtiles) character file.

Game seed: 384823661817377709

275 funkygono the Shield-Bearer (level 6, -2/48 HPs)
             Began as a Formicid Fighter on June 18, 2020.
             Killed by divine providence
             ... invoked by an orc priest
              (15 damage)
             ... on level 3 of the Dungeon.
             The game lasted 00:06:09 (2610 turns).

funkygono the Shield-Bearer (Formicid Fighter)      Turns: 2610, Time: 00:06:11

Health: -2/48      AC: 12    Str: 23    XL:     6   Next: 49%
Magic:  6/6        EV:  5    Int:  7    God:
Gold:   59         SH: 10    Dex: 10    Spells: 5/5 levels left

rFire    . . .     SeeInvis +   a - +1 long sword
rCold    . . .     Gourm    .   c - +0 kite shield
rNeg     . . .     Faith    .   n - +0 plate armour
rPois    .         Spirit   .   (helmet unavailable)
rElec    .         Reflect  .   (no cloak)
rCorr    .         Harm     .   (no gloves)
MR       .....                  (no boots)
Stlth    ..........             (no amulet)
HPRegen  0.16/turn              (no ring)
MPRegen  0.10/turn              (no ring)

@: no status effects
A: permanent stasis, dig shafts and tunnels, four strong arms, antennae 3
a: Dig, Shaft Self


You were on level 3 of the Dungeon.
You were not hungry.

You visited 1 branch of the dungeon, and saw 3 of its levels.

You collected 59 gold pieces.

Inventory:

Hand Weapons
 a - a +1 long sword (weapon)
 s - a +0 dagger of electrocution
Missiles
 e - 21 sling bullets
 j - 73 stones (quivered)
Armour
 b - a +0 scale mail
 c - a +0 kite shield (worn)
 n - a +0 plate armour (worn)
Jewellery
 v - an uncursed ring of positive energy {unknown}
Scrolls
 l - 4 scrolls of remove curse
 q - a scroll of enchant weapon
Potions
 d - a potion of might
 g - a potion of haste {unknown}
 h - 2 potions of stabbing
 k - 2 potions of curing
 m - a potion of flight {unknown}
 o - a potion of invisibility {unknown}
 p - 3 potions of degeneration {unknown}
 r - a potion of brilliance {unknown}
Comestibles
 f - 8 rations
 i - 3 chunks of flesh


   Skills:
 + Level 4.1 Fighting
 + Level 4.0 Long Blades
 + Level 4.6 Armour
 + Level 0.5 Dodging
 + Level 0.1 Stealth
 + Level 5.1 Shields


You had 5 spell levels left.
You didn't know any spells.
Your spell library contained the following spells:

 Spells                   Type           Power        Failure   Level  Hunger
 Animate Skeleton         Necr           N/A          100%        1    ##.....
 Apportation              Tloc           #.....       100%        1    ##.....
 Corona                   Hex            #......      100%        1    ##.....
 Summon Small Mammal      Summ           #...         100%        1    ##.....


Dungeon Overview and Level Annotations

Branches:
Dungeon (3/15)

Altars:
Ru
Trog
Vehumet


Innate Abilities, Weirdness & Mutations

You cannot be hasted, slowed, berserked, paralysed or teleported.
You can dig through walls and to a lower floor.
Your four strong arms can wield two-handed weapons with a shield.
You have a pair of large antennae on your head. (SInv)


Message History

The orc priest looks encouraged for a moment.
You slash the orc!
You kill the orc!
The orc barely misses you.
You riposte.
You hit the orc.
The orc is heavily wounded.
Your shield and plate armour prevent you from hitting the orc.
The orc is heavily wounded.
You feel sick. The orc hits you but does no damage.
You hit the orc.
You kill the orc!
You closely miss the orc priest.
The orc priest hits you but does no damage. x2
You closely miss the orc priest. You block the orc priest's attack.
You hit the orc priest.
The orc priest is lightly wounded.
You feel sick.
You are no longer poisoned.
The orc priest calls down the wrath of Beogh upon you.
Beogh smites you!
You die...

#÷......# #.......#
........# ...######
...# ...# # ...#
.#.## ####
#############......
#
#.........@o.......
#
#......!.####......
# #........# .....
#######.....##+###
.>..
.................#
...
.................##
..
...................
.
...........#######.
.......##..#(..♣.#


You could see an orc priest.

Vanquished Creatures
  The ghost of windycow the Bolt Thrower, an amateur CeAM of Makhleb (D:3)
  A centaur (D:2)
  An orc wizard (D:3)
  2 adders (D:2)
  2 worms (D:2)
  A dart slug (D:1)
  4 leopard geckos
  8 orcs (D:3)
  6 bats
  2 giant cockroaches
  6 goblins
  A hobgoblin (D:3)
  6 frilled lizards
  7 kobolds
  6 rats
54 creatures vanquished.

Notes
Turn   | Place    | Note
-------+----------+-------------------------------------------
     0 | D:1      | funkygono the Formicid Fighter began the quest for the Orb.
     0 | D:1      | Reached XP level 1. HP: 18/18 MP: 1/1
   226 | D:1      | Reached XP level 2. HP: 24/24 MP: 2/2
   951 | D:2      | Noticed a centaur
   960 | D:2      | Killed a centaur
   960 | D:2      | Reached skill level 4 in Shields
   960 | D:2      | Reached XP level 3. HP: 24/30 MP: 3/3
   960 | D:2      | Reached XP level 4. HP: 30/37 MP: 4/4
  1071 | D:2      | Reached XP level 5. HP: 26/42 MP: 5/5
  1321 | D:2      | Found a bloodstained altar of Trog.
  1322 | D:2      | Found a sacrificial altar of Ru.
  1511 | D:2      | Found a radiant altar of Vehumet.
  2112 | D:3      | Found a faded altar of an unknown god.
  2460 | D:3      | Found a runed translucent gate.
  2460 | D:3      | Noticed windycow's ghost (amateur CeAM)
  2461 | D:3      | Found a runed translucent gate.
  2461 | D:3      | Found a runed translucent gate.
  2479 | D:3      | Killed windycow's ghost
  2479 | D:3      | Reached skill level 5 in Shields
  2479 | D:3      | Reached XP level 6. HP: 36/48 MP: 6/6
  2610 | D:3      | Killed from afar by an orc priest

Illustrated notes

Levels and vault maps discovered:
D:1:      erik_arrival_cave_to_civilisation [erik_arrival_cave_to_hall],
          layout_basic, minmay_misc_feat_hallway
D:2:      layout_basic, nicolae_overflow_crystal_walls,
          gammafunk_temple_overflow_statue, corexii_hall_statues_l
D:3:      layout_basic, chequers_ecumenical_altar_simple_redux,
          ebering_ghost_rock_garden

Skill      XL: |  1  2  3  4  5 |
---------------+----------------+-----
Long Blades    | 3 4 |  4.0
Shields        | 4 5 |  5.1
Armour         | 4 |  4.6
Fighting       | 4 |  4.1
Dodging        | |  0.5
Stealth        | |  0.1

Action                   |  1- 3 |  4- 6 || total
-------------------------+-------+-------++-------
Melee: Long sword        |    53 |   173 ||   226
 Abil: Dig               |     1 |       ||     1
  Use: Scroll            |     4 |     5 ||     9
  Eat: Chunk             |       |     6 ||     6
Armor: Scale mail        |    22 |     8 ||    30
       Plate armour      |       |   117 ||   117
Dodge: Dodged            |    17 |    46 ||    63
Block: Kite shield       |    23 |   107 ||   130
       Rpst.: Long sword |     8 |    13 ||    21
